A - U25
COLUMBIA FIREFLIES @ SAVANNAH BANANAS
04/27/2052
 
TOP OF THE 1ST
Kannapolis Intimidators batting - Pitching for Columbus Catfish : LHP Caleb Kasdorf
Pitching: LHP Caleb Kasdorf
Batting: RHB Diego Martín 0-0: Ball
1-0: Called Strike
1-1: Ball
2-1: SOLO HOME RUN (Line Drive, 89XD, EV 101.9 MPH), Distance : 409 ft
Batting: RHB Brandon Heflin 0-0: Ball
1-0: Called Strike
1-1: Ball
2-1: SOLO HOME RUN (Flyball, 7LD, EV 95.6 MPH), Distance : 345 ft
Batting: RHB Joey Woods 0-0: Ball
1-0: Ball
2-0: Swinging Strike
2-1: Fly out, F9 (Flyball, 89D, EV 90.6 MPH)
Batting: LHB Ramón Esqueda 0-0: Called Strike
0-1: Foul Ball, location: 2F
0-2: Foul Ball, location: 2F
0-2: Ball
1-2: Fly out, F8 (Flyball, 8RD, EV 101.2 MPH)
Batting: LHB Michael Boldt 0-0: SINGLE (Groundball, 4M, EV 106.2 MPH) (infield hit)
Batting: LHB Garrett Cobham 0-0: Ball
1-0: Foul Ball, location: 2F
1-1: Swinging Strike
1-2: Ball
2-2: Strikes out swinging
Top of the 1st over - 2 runs, 3 hits, 0 errors, 1 left on base; Kannapolis 2 - Columbus 0
BOTTOM OF THE 1ST
Columbus Catfish batting - Pitching for Kannapolis Intimidators : RHP Lance Frausto
Pitching: RHP Lance Frausto
Batting: LHB Néstor Garrido 0-0: Ball
1-0: Foul Ball, location: 2F
1-1: Called Strike
1-2: Strikes out swinging, 2-3 out at first.
Batting: RHB Victor Hernandez 0-0: Called Strike
0-1: Swinging Strike
0-2: Ball
1-2: Ground out 4-3 (Groundball, 4, EV 87.5 MPH)
Batting: LHB Junior Hayden 0-0: Foul Ball, location: 2F
0-1: SINGLE (Groundball, 34D, EV 106.9 MPH)
Batting: SHB Luis Ángel Cortez 0-0: Ball
1-0: Foul Ball, location: 2F
1-1: Ball
2-1: Ball
3-1: Called Strike
3-2: Fly out, F1 (Line Drive, P, EV 67.5 MPH)
Bottom of the 1st over - 0 runs, 1 hit, 0 errors, 1 left on base; Kannapolis 2 - Columbus 0
TOP OF THE 2ND
Kannapolis Intimidators batting - Pitching for Columbus Catfish : LHP Caleb Kasdorf
Batting: RHB Ross Turner 0-0: Ground out 6-3 (Groundball, 6, EV 84.4 MPH)
Batting: LHB Ryan Nowotarski 0-0: Ball
1-0: Ball
2-0: Called Strike
2-1: Fly out, F7 (Flyball, 7LM, EV 80.0 MPH)
Batting: LHB John Schafer 0-0: SINGLE (Flyball, 78S, EV 88.1 MPH)
Batting: RHB Diego Martín 0-0: Ball
1-0: Swinging Strike
1-1: Foul Ball, location: 2F
1-2: Ground out 4-3 (Groundball, 4, EV 100.6 MPH)
Top of the 2nd over - 0 runs, 1 hit, 0 errors, 1 left on base; Kannapolis 2 - Columbus 0
BOTTOM OF THE 2ND
Columbus Catfish batting - Pitching for Kannapolis Intimidators : RHP Lance Frausto
Batting: RHB Cesar Achoy 0-0: Ground out 5-3 (Groundball, 5, EV 101.9 MPH)
Batting: LHB Arundel Brown 0-0: Swinging Strike
0-1: Called Strike
0-2: Ball
1-2: Ball
2-2: Foul Ball, location: 2F
2-2: Ball
3-2: SINGLE (Groundball, 56S, EV 68.8 MPH) (infield hit)
Batting: LHB Woody Lyons 0-0: Ball
1-0: Ball
2-0: Called Strike
2-1: Ball
3-1: Grounds into double play, 4-6-3 (Groundball, 4, EV 85.6 MPH)
Bottom of the 2nd over - 0 runs, 1 hit, 0 errors, 0 left on base; Kannapolis 2 - Columbus 0
TOP OF THE 3RD
Kannapolis Intimidators batting - Pitching for Columbus Catfish : LHP Caleb Kasdorf
Batting: RHB Brandon Heflin 0-0: Ground out 5-3 (Groundball, 15, EV 88.8 MPH)
Batting: RHB Joey Woods 0-0: Ball
1-0: Called Strike
1-1: Swinging Strike
1-2: Ball
2-2: Fly out, F9 (Flyball, 89S, EV 90.6 MPH)
Batting: LHB Ramón Esqueda 0-0: Foul Ball, location: 2F
0-1: Ground out 6-3 (Groundball, 6M, EV 84.4 MPH)
Top of the 3rd over - 0 runs, 0 hits, 0 errors, 0 left on base; Kannapolis 2 - Columbus 0
BOTTOM OF THE 3RD
Columbus Catfish batting - Pitching for Kannapolis Intimidators : RHP Lance Frausto
Batting: RHB Nic Corona 0-0: Ball
1-0: Swinging Strike
1-1: SINGLE (Flyball, 8RS, EV 87.5 MPH)
Batting: RHB Magglio Felix 0-0: Ball
1-0: Fielders Choice at 2nd, 6-4 (Groundball, 6, EV 80.6 MPH)
Batting: LHB Néstor Garrido 0-0: Ball
1-0: Ball
2-0: Ball
3-0: Called Strike
3-1: Swinging Strike
3-2: Foul Ball, location: 2F
3-2: Strikes out swinging
Magglio Felix steals 2nd base
Batter strikes out.
Batting: RHB Victor Hernandez 0-0: Foul Ball, location: 2F
0-1: Ball
1-1: Ball
2-1: Ball
3-1: Foul Ball, location: 2F
3-2: Foul Ball, location: 2F
3-2: Foul Ball, location: 2F
3-2: SINGLE (Groundball, 5D, EV 111.2 MPH)
Magglio Felix to third
Runner from 3rd tries for Home, SAFE, throw by LF to home
Batting: LHB Junior Hayden 0-0: Foul Ball, location: 2F
0-1: Ball
Wild Pitch!
Victor Hernandez to second
1-1: Ground out 2-3 (Groundball, 15S, EV 67.5 MPH)
Bottom of the 3rd over - 1 run, 2 hits, 0 errors, 1 left on base; Kannapolis 2 - Columbus 1
TOP OF THE 4TH
Kannapolis Intimidators batting - Pitching for Columbus Catfish : LHP Caleb Kasdorf
Batting: LHB Michael Boldt 0-0: Ball
1-0: Ball
2-0: Called Strike
2-1: Foul Ball, location: 2F
2-2: Ball
3-2: Foul Ball, location: 2F
3-2: Ground out 6-3 (Groundball, 6M, EV 76.2 MPH)
Batting: LHB Garrett Cobham 0-0: Fly out, F9 (Line Drive, 9, EV 106.2 MPH)
Batting: RHB Ross Turner 0-0: Ball
1-0: Swinging Strike
1-1: Swinging Strike
1-2: Fly out, F7 (Flyball, 78S, EV 99.4 MPH)
Top of the 4th over - 0 runs, 0 hits, 0 errors, 0 left on base; Kannapolis 2 - Columbus 1
BOTTOM OF THE 4TH
Columbus Catfish batting - Pitching for Kannapolis Intimidators : RHP Lance Frausto
Batting: SHB Luis Ángel Cortez 0-0: Ball
1-0: Called Strike
1-1: Called Strike
1-2: Ball
2-2: SOLO HOME RUN (Flyball, 9LD, EV 94.4 MPH), Distance : 331 ft
Batting: RHB Cesar Achoy 0-0: Called Strike
0-1: Ball
1-1: Swinging Strike
1-2: Strikes out swinging
Batting: LHB Arundel Brown 0-0: Ball
1-0: Ground out 6-3 (Groundball, 6, EV 88.8 MPH)
Batting: LHB Woody Lyons 0-0: Called Strike
0-1: Fly out, F8 (Flyball, 78M, EV 91.9 MPH)
Bottom of the 4th over - 1 run, 1 hit, 0 errors, 0 left on base; Kannapolis 2 - Columbus 2
TOP OF THE 5TH
Kannapolis Intimidators batting - Pitching for Columbus Catfish : LHP Caleb Kasdorf
Batting: LHB Ryan Nowotarski 0-0: Ball
1-0: SINGLE (Groundball, 4D, EV 97.5 MPH)
Batting: LHB John Schafer 0-0: Swinging Strike
0-1: Foul Ball, location: 2F
0-2: Strikes out swinging
Batting: RHB Diego Martín 0-0: Ball
1-0: Foul Ball, location: 2F
1-1: Ball
2-1: SINGLE (Groundball, 6MD, EV 103.8 MPH)
Ryan Nowotarski to second
Batting: RHB Brandon Heflin 0-0: Foul Ball, location: 2F
0-1: Ball
1-1: Ball
2-1: Grounds into double play, 5-4-3 (Groundball, 56, EV 80.0 MPH)
Top of the 5th over - 0 runs, 2 hits, 0 errors, 1 left on base; Kannapolis 2 - Columbus 2
BOTTOM OF THE 5TH
Columbus Catfish batting - Pitching for Kannapolis Intimidators : RHP Lance Frausto
Batting: RHB Nic Corona 0-0: Ball
1-0: Ball
2-0: Called Strike
2-1: Foul Ball, location: 2F
2-2: Ball
3-2: Base on Balls
Batting: RHB Magglio Felix 0-0: Ball
1-0: Bunted foul
1-1: Bunted foul
1-2: Ball
2-2: Foul Ball, location: 2F
2-2: SINGLE (Line Drive, 6D, EV 94.4 MPH)
Nic Corona to second
Batting: LHB Néstor Garrido 0-0: Sac Bunt to 13S - play at first, batter OUT! 1-3
Nic Corona to third
Magglio Felix to second
Batting: RHB Victor Hernandez 0-0: Foul Ball, location: 2F
0-1: Foul Ball, location: 2F
0-2: Ball
1-2: Ball
2-2: Ball
3-2: SINGLE (Line Drive, 3D, EV 97.5 MPH)
Nic Corona scores
Magglio Felix to third
Runner from 3rd tries for Home, SAFE, throw by RF to home
Batting: LHB Junior Hayden 0-0: Called Strike
0-1: Called Strike
0-2: Ball
1-2: Ball
2-2: Grounds into double play, 6-4-3 (Groundball, 6, EV 104.4 MPH)
Bottom of the 5th over - 2 runs, 2 hits, 0 errors, 0 left on base; Kannapolis 2 - Columbus 4
TOP OF THE 6TH
Kannapolis Intimidators batting - Pitching for Columbus Catfish : LHP Caleb Kasdorf
Batting: RHB Joey Woods 0-0: Called Strike
0-1: Swinging Strike
0-2: Ball
1-2: Ball
2-2: Foul Ball, location: 2F
2-2: Strikes out looking
Batting: LHB Ramón Esqueda 0-0: Called Strike
0-1: Fly out, F8 (Flyball, 78M, EV 78.8 MPH)
Batting: LHB Michael Boldt 0-0: Ball
1-0: Ground out 4-3 (Groundball, 4, EV 100.0 MPH)
Top of the 6th over - 0 runs, 0 hits, 0 errors, 0 left on base; Kannapolis 2 - Columbus 4
BOTTOM OF THE 6TH
Columbus Catfish batting - Pitching for Kannapolis Intimidators : RHP Lance Frausto
Batting: SHB Luis Ángel Cortez 0-0: Called Strike
0-1: Swinging Strike
0-2: Ball
1-2: Ball
2-2: Strikes out swinging, 2-3 out at first.
Pitching: RHP Isaac Floyd
Batting: RHB Cesar Achoy 0-0: Ball
1-0: Ball
2-0: Ball
3-0: Called Strike
3-1: Called Strike
3-2: DOUBLE (Line Drive, 7LD, EV 103.8 MPH)
Batting: LHB Arundel Brown 0-0: Ball
1-0: Ball
2-0: Called Strike
2-1: Swinging Strike
2-2: Ball
3-2: Base on Balls
Batting: LHB Woody Lyons 0-0: Called Strike
0-1: Ball
1-1: Swinging Strike
1-2: Ball
2-2: Foul Ball, location: 2F
2-2: Foul Ball, location: 2F
2-2: Strikes out swinging
Batting: RHB Nic Corona 0-0: Called Strike
0-1: Ball
1-1: Foul Ball, location: 2F
1-2: SINGLE (Groundball, 56D, EV 97.5 MPH)
Cesar Achoy to third
Arundel Brown to second
Runner from 3rd tries for Home, throw by LF and OUT! 7-2
Bottom of the 6th over - 0 runs, 2 hits, 0 errors, 2 left on base; Kannapolis 2 - Columbus 4
TOP OF THE 7TH
Kannapolis Intimidators batting - Pitching for Columbus Catfish : LHP Caleb Kasdorf
Batting: LHB Garrett Cobham 0-0: Called Strike
0-1: Fly out, F6 (Popup, 15S, EV 83.8 MPH)
Batting: RHB Ross Turner 0-0: Ball
1-0: Swinging Strike
1-1: Foul Ball, location: 2F
1-2: Ball
2-2: Strikes out swinging
Batting: LHB Ryan Nowotarski 0-0: Ball
1-0: Swinging Strike
1-1: Called Strike
1-2: Ball
2-2: Ground out 1-3 (Groundball, 15S, EV 70.6 MPH)
Top of the 7th over - 0 runs, 0 hits, 0 errors, 0 left on base; Kannapolis 2 - Columbus 4
BOTTOM OF THE 7TH
Columbus Catfish batting - Pitching for Kannapolis Intimidators : RHP Isaac Floyd
Batting: RHB Magglio Felix 0-0: Ball
1-0: Swinging Strike
1-1: Swinging Strike
1-2: Strikes out swinging
Batting: LHB Néstor Garrido 0-0: Called Strike
0-1: Ball
1-1: Called Strike
1-2: Strikes out swinging
Batting: RHB Victor Hernandez 0-0: Ball
1-0: SINGLE (Groundball, 56D, EV 110.0 MPH)
Batting: LHB Junior Hayden 0-0: Ball
1-0: Called Strike
1-1: Foul Ball, location: 2F
1-2: Foul Ball, location: 2F
1-2: Ball
Victor Hernandez is caught stealing 2nd base 2-6
Bottom of the 7th over - 0 runs, 1 hit, 0 errors, 0 left on base; Kannapolis 2 - Columbus 4
TOP OF THE 8TH
Kannapolis Intimidators batting - Pitching for Columbus Catfish : LHP Caleb Kasdorf
Pitching: RHP Cole Mayhew
Batting: LHB John Schafer 0-0: Ball
1-0: Foul Ball, location: 2F
1-1: Ball
2-1: Fly out, F7 (Flyball, 7S, EV 85.0 MPH)
Batting: RHB Diego Martín 0-0: Ball
1-0: Ball
2-0: Called Strike
2-1: Fly out, F7 (Line Drive, 7, EV 95.0 MPH)
Batting: LHB Isaac Belland 0-0: Swinging Strike
0-1: Called Strike
0-2: Ball
1-2: SINGLE (Groundball, 4, EV 105.0 MPH)
Batting: RHB Joey Woods 0-0: DOUBLE (Line Drive, 78M, EV 96.2 MPH)
Isaac Belland to third
Runner from 3rd tries for Home, SAFE, no throw by CF
Pitching: RHP Gianfranco Casati
Batting: LHB Ramón Esqueda 0-0: Called Strike
0-1: Swinging Strike
0-2: Fly out, F7 (Flyball, 7LS, EV 88.8 MPH)
Top of the 8th over - 1 run, 2 hits, 0 errors, 1 left on base; Kannapolis 3 - Columbus 4
BOTTOM OF THE 8TH
Columbus Catfish batting - Pitching for Kannapolis Intimidators : RHP Isaac Floyd
Batting: LHB Junior Hayden 0-0: Called Strike
0-1: SINGLE (Groundball, 34, EV 101.2 MPH)
Batting: SHB Luis Ángel Cortez 0-0: Ball
1-0: Swinging Strike
1-1: Foul Ball, location: 2F
1-2: Fielders Choice at 2nd, U6 (Groundball, 4MS, EV 82.5 MPH)
Batting: RHB Cesar Achoy 0-0: Called Strike
0-1: Hit by Pitch
Luis Ángel Cortez to second
Batting: LHB Arundel Brown 0-0: Foul Ball, location: 2F
0-1: Ball
1-1: Ball
2-1: Foul Ball, location: 2F
2-2: SINGLE (Groundball, 4, EV 95.0 MPH)
Luis Ángel Cortez to third
Cesar Achoy to second
Runner from 3rd tries for Home, SAFE, throw by CF to home
Pitching: RHP C.J. Milloy
Batting: LHB Woody Lyons 0-0: Ball
1-0: Called Strike
1-1: Ball
2-1: Foul Ball, location: 2F
2-2: Foul Ball, location: 2F
2-2: Strikes out looking
Batting: RHB Nic Corona 0-0: Ball
1-0: Ball
2-0: Reached on error, E5 (Groundball, 56, EV 98.1 MPH)
Cesar Achoy to third
Arundel Brown to second
Batting: RHB Magglio Felix 0-0: Called Strike
0-1: Ball
1-1: Foul Ball, location: 2F
1-2: Strikes out looking
Bottom of the 8th over - 1 run, 2 hits, 1 error, 3 left on base; Kannapolis 3 - Columbus 5
TOP OF THE 9TH
Kannapolis Intimidators batting - Pitching for Columbus Catfish : RHP Gianfranco Casati
Pitching: LHP Orlando Abreu
Batting: LHB Michael Boldt 0-0: Ground out U3 (Groundball, 3, EV 103.1 MPH)
Pinch Hitting: RHB Bruno Licea 0-0: Ball
1-0: Foul Ball, location: 2F
1-1: Foul Ball, location: 2F
1-2: Strikes out swinging
Batting: RHB Ross Turner 0-0: Ball
1-0: Ball
2-0: Swinging Strike
2-1: Ball
3-1: Swinging Strike
3-2: Strikes out looking
Top of the 9th over - 0 runs, 0 hits, 0 errors, 0 left on base; Kannapolis 3 - Columbus 5
Thursday, April 18th , 2024 - OOTP Baseball 24.11 Build 85